 Dungeon Crawl Stone Soup version 0.21.1-1-g345015fe64 (webtiles) character file.

46 Oravi the Changer (level 3, -1/26 HPs)
             Began as a Merfolk Transmuter on May 17, 2018.
             Slain by a centaur (8 damage)
             ... on level 2 of the Dungeon.
             The game lasted 00:04:30 (1393 turns).

Oravi the Changer (Merfolk Transmuter)              Turns: 1393, Time: 00:04:30

Health: -1/26      AC:  2    Str: 10    XL:     3   Next: 68%
Magic:  3/6        EV: 21    Int: 13    God:
Gold:   46         SH:  0    Dex: 19    Spells: 0/6 levels left

rFire    . . .     SeeInvis .     - Unarmed
rCold    . . .     Gourm    .   (shield currently unavailable)
rNeg     . . .     Faith    .   (armour currently unavailable)
rPois    x         Spirit   .   (helmet currently unavailable)
rElec    .         Reflect  .   (cloak currently unavailable)
rCorr    .         Harm     .   (gloves currently unavailable)
MR       .....                  (boots currently unavailable)
Stlth    ++........             (no amulet)
HPRegen  0.08/turn              (no ring)
MPRegen  0.10/turn              (no ring)

@: spider-form (expiring)
A: tiny, (change form in water), (swift swim), (stealthy swim)
a: End Transformation


You were on level 2 of the Dungeon.
You were not hungry.
You were a venomous arachnid creature.
You visited 1 branch of the dungeon, and saw 2 of its levels.

You collected 46 gold pieces.

Inventory:

Missiles
 a - 13 arrows
Armour
 b - a +0 robe (melded)
Potions
 e - a potion of curing
 g - a potion of invisibility {unknown}
Books
 c - a book of Changes

   Spells                             Type                      Level
   a - Beastly Appendage              Transmutation                1
   b - Sticks to Snakes               Transmutation                2
   c - Spider Form                    Transmutation/Poison         3
   d - Ice Form                       Ice/Transmutation            4
   e - Blade Hands                    Transmutation                5
Comestibles
 d - 3 rations


   Skills:
 - Level 1.1 Fighting
 - Level 2.6 Dodging
 - Level 4.0 Unarmed Combat
 - Level 2.0 Spellcasting
 + Level 4.5 Transmutations


You couldn't memorise any spells.
You knew the following spells:

 Your Spells              Type           Power        Failure   Level  Hunger
a - Spider Form           Tmut/Pois      #.........   52%         3    ####...
b - Sticks to Snakes      Tmut           ##......     17%         2    ###....
c - Beastly Appendage     Tmut           ##....       13%         1    ##.....


Dungeon Overview and Level Annotations

Branches:
Dungeon (2/15)

Altars:


Message History

The centaur is lightly wounded.
Your transformation is almost over.
The centaur hits you.
* * * LOW HITPOINT WARNING * * *
The centaur completely misses you.
You hit the centaur.
The centaur looks as sick as possible!
The centaur is moderately wounded.
The centaur misses you.
You hit the centaur.
The centaur is heavily wounded.
The centaur barely misses you. The centaur misses you. x2
You hit the centaur.
The centaur looks as sick as possible!
The centaur is severely wounded.
The centaur closely misses you.
You closely miss the centaur.
The centaur is almost dead.
The centaur hits you but does no damage.
The centaur hits you!
You die...

#####..........................
.##......##.....[..(........####
(.#.##...##....................##
#.#.#..#...c...(..........#.....#
#.....#####.....((#.#(...........
#.÷(### #....###.#.#....<......#
#.### ...... #.................
..# ..#....#.................
..######..#.##.cs.#..............
#...r†..........#..#.#..........#
#.###...........#.........#....##
#.. ...........#.......###.####
#...#........(..#........ .#
#.#.............#.....##.
#.#..#.......... .....#
..#..#.......... .....#
##..........


You could see a centaur.

Vanquished Creatures
  An adder (D:2)
  A worm (D:2)
  2 giant cockroaches (D:1)
  3 goblins
  7 hobgoblins
  4 jackals (D:1)
  A quokka (D:2)
  5 bats
  4 kobolds
  4 rats (D:1)
32 creatures vanquished.

Vanquished Creatures (others)
  An adder (D:2)
1 creature vanquished.

Grand Total: 33 creatures vanquished

Notes
Turn   | Place    | Note
-------+----------+-------------------------------------------
     0 | D:1      | Oravi the Merfolk Transmuter began the quest for the Orb.
     0 | D:1      | Reached XP level 1. HP: 15/15 MP: 3/3
   114 | D:1      | Reached XP level 2. HP: 21/21 MP: 3/5
   790 | D:2      | Noticed a centaur
   794 | D:1      | Reached XP level 3. HP: 26/26 MP: 4/6
   801 | D:1      | Learned a level 2 spell: Sticks to Snakes
   805 | D:1      | Learned a level 3 spell: Spider Form
  1393 | D:2      | Slain by a centaur

Skill      XL: |  1  2  3 |
---------------+----------+-----
Transmutations | 3 4 |  4.5
Unarmed Combat | 4 |  4.0
Fighting       | |  1.1
Dodging        | |  2.6
Spellcasting   | |  2.0

Action                   || total
-------------------------++-------
Melee: Unarmed           ||   102
       Headbutt          ||     4
       Tailslap          ||     2
 Cast: Beastly Appendage ||    15
       Spider Form       ||     6
  Use: Scroll            ||     1
       Potion            ||     1
 Stab: Sleeping          ||     1
  Eat: Chunk             ||     3
Armor: Robe              ||    18
       Skin              ||     1
Dodge: Dodged            ||    99
